 Dungeon Crawl Stone Soup version 0.28-a0-1190-g77e1c55843 (webtiles) character file.

Game seed: 5000128843730474799

78 mandarbmax the Conjurer (level 4, -3/33 HPs)
             Began as a Draconian Conjurer on Dec 18, 2021.
             Slain by Sigmund (9 damage)
             ... on level 2 of the Dungeon.
             The game lasted 00:03:40 (1768 turns).

mandarbmax the Conjurer (Draconian Conjurer)        Turns: 1768, Time: 00:03:41

Health: -3/33      AC:  5    Str:  9    XL:     4   Next: 15%
Magic:  4/8        EV: 12    Int: 21    God:
Gold:   40         SH:  0    Dex:  9    Spells: 5/8 levels left

rFire   . . .      SeeInvis .   (no weapon)
rCold   . . .      Faith    .   (no shield)
rNeg    . . .      Spirit   .   (armour unavailable)
rPois   .          Reflect  .   (helmet restricted)
rElec   .          Harm     .   (no cloak)
rCorr   .          Rampage  .   (no gloves)
Will    .....                   (no boots)
Stlth   ++........              (no amulet)
HPRegen 0.11/turn               (no ring)
MPRegen 0.11/turn               (no ring)

@: no status effects
A: AC +5, unfitting armour, cold-blooded
a: no special abilities


You were on level 2 of the Dungeon.
You visited 1 branch of the dungeon, and saw 2 of its levels.

You collected 40 gold pieces.

Inventory:

Scrolls
 b - 3 scrolls of identify {unknown}
 c - a scroll of teleportation {unknown}
 f - a scroll of summoning {unknown}
Potions
 a - 2 potions of curing
 e - a potion of cancellation {unknown}
 g - a potion of heal wounds {unknown}


   Skills:
 - Level 2.0 Dodging
 - Level 1.7 Stealth
 + Level 2.8 Spellcasting
 * Level 5.1 Conjurations


You had 5 spell levels left.
You knew the following spells:

 Your Spells              Type           Power      Damage    Failure   Level
a - Magic Dart            Conj           96%        1d7       1%          1
b - Searing Ray           Conj           48%        2d6       2%          2

Your spell library contained the following spells:

 Spells                   Type           Power      Damage    Failure   Level
 Dazzling Flash           Conj/Hex       26%        N/A       14%         3
 Fulminant Prism          Conj/Hex       6%         3d7       43%         4
 Iskenderun's Mystic Bla  Conj/Tloc      13%        2d5       43%         4


Dungeon Overview and Level Annotations

Branches:
Dungeon (2/15)

Altars:

Annotations:
D:2 Sigmund


Innate Abilities, Weirdness & Mutations

Your plain brown scales are hard. (AC +5)
You cannot fit into any form of body armour.
You are cold-blooded and may be slowed by cold attacks.


Message History

Sigmund gestures at you while chanting. The puff of flame hits you!
Unknown command.
The searing ray hits Sigmund!
Sigmund is almost dead.
Sigmund points at you and mumbles some strange words.
The puff of flame hits you.
Unknown command.
The searing ray misses Sigmund.
You finish channelling your searing ray.
Sigmund closely misses you.
Unknown command.
Sigmund gestures at you while chanting.
You are confused.
It was a potion of curing.
You feel better.
It was a potion of magic.
Magic courses through your body. Sigmund casts a spell at you.
The magic dart hits you but does no damage.
Casting: Searing Ray (safe; 2% risk of failure)
Confirm with . or Enter, or press ? or * to list all spells.
Aiming: Searing Ray (safe; 2% risk of failure)
Press: ? - help, Shift-Dir - straight line, f/p - Sigmund
Aim: Sigmund, wielding a +1 scythe of freezing and wearing a +0 robe (almost dead, 77% to hit)
The searing ray hits Sigmund.
Sigmund is almost dead. (Press . to maintain the ray.) Sigmund screams, "I am the angel of ZOT!!!"
Sigmund casts a spell at you. The magic dart hits you.
The searing ray misses Sigmund.
Sigmund casts a spell at you. The puff of flame hits you!
* * * LOW HITPOINT WARNING * * *
Unknown command.
The searing ray hits Sigmund.
Sigmund is almost dead.
The searing ray misses Sigmund.
You finish channelling your searing ray.
Sigmund hits you from afar with a +1 scythe of freezing!
You die...

###..##.# #..##.#
#..##.####
#........#
##.##†##)#
#.##.##.#
#.##.##.#
#.##.##.#########
.....†.....@.@..#
#
#####...#######.#
#...# ..
...........?..#
...
#####.#########
### #. #. #.


You could see Sigmund.

Vanquished Creatures
  Jessica (D:2)
  An adder (D:2)
  A worm (D:2)
  2 dart slugs
  2 bats (D:2)
  An endoplasm (D:1)
  3 giant cockroaches (D:2)
  3 goblins
  5 hobgoblins
  4 jackals (D:2)
  6 ball pythons
  2 frilled lizards (D:2)
  A kobold (D:2)
  2 rats
34 creatures vanquished.

Notes
Turn   | Place    | Note
-------+----------+-------------------------------------------
     0 | D:1      | mandarbmax the Draconian Conjurer began the quest for the
                  | Orb.
     0 | D:1      | Reached XP level 1. HP: 14/14 MP: 3/3
   387 | D:1      | Found a faded altar of an unknown god.
   437 | D:1      | Reached XP level 2. HP: 20/20 MP: 0/5
  1079 | D:2      | Noticed Jessica
  1085 | D:2      | Learned a level 2 spell: Searing Ray
  1087 | D:2      | Killed Jessica
  1088 | D:2      | Reached XP level 3. HP: 26/26 MP: 2/6
  1294 | D:2      | Reached skill level 5 in Conjurations
  1416 | D:2      | Reached XP level 4. HP: 33/33 MP: 0/8
  1748 | D:2      | Noticed Sigmund
  1768 | D:2      | Slain by Sigmund

Illustrated notes

Levels and vault maps discovered:
D:1:      dpeg_arrival_long_road, layout_rooms, nicolae_ecumenical_lake_church,
          minmay_misc_feat_secret_circle
D:2:      layout_loops_ring, minmay_misc_feat_enclosed, grunt_decor_one_mirror,
          uniq_jessica, uniq_sigmund

Skill      XL: |  1  2  3 |
---------------+----------+-----
Dodging        | 2 |  2.0
Conjurations   | 5 |  5.1
Stealth        | |  1.7
Spellcasting   | |  2.8

Action                   |  1- 3 |  4- 6 || total
-------------------------+-------+-------++-------
Melee: Unarmed           |     7 |       ||     7
 Cast: Magic Dart        |    56 |    20 ||    76
       Searing Ray       |       |     2 ||     2
  Use: Potion            |       |     2 ||     2
Armor: Skin              |     3 |     1 ||     4
Dodge: Dodged            |    16 |     3 ||    19

Table legend: (Time is in decaauts)
 A = Elapsed time spent in this place.
 B = Non-inter-level travel time spent in this place.
 C = Inter-level travel time spent in this place.
 D = Time resting spent in this place.
 E = Time spent auto-exploring this place.
 F = Levels seen in this place.
 G = Mean time per level.
                   A        B        C        D        E       F      G
               +--------+--------+--------+--------+--------+-----+--------+
         Total |   1769 |   1732 |     37 |      0 |   1370 |   2 |  884.5 |
       Dungeon |   1769 |   1732 |     37 |      0 |   1370 |   2 |  884.5 |
               +--------+--------+--------+--------+--------+-----+--------+

Top non-repeatable levels by time:
     D:1: 1080 daAuts
     D:2: 688 daAuts
